[Event "Titled Tuesday Blitz May 2 Early 2023"]
[White "Madaminov, Mukhiddin"]
[Black "Bluebaum, Matthias"]
[WhiteFideId "14210703"]
[BlackFideId "24651516"]
[WhiteElo "2511"]
[BlackElo "2638"]
[Result "0-1"]
[Round "07"]
[TimeControl "180+2"]
[Date "2023.05.03"]
[WhiteClock "0:00:00"]
[BlackClock "0:00:00"]

1. d4 d5 2. Nc3 e6 3. Bf4 c5 4. e3 a6 5. Nf3 Nc6 6. Ne5 Nxe5 7. Bxe5 Nf6 8. Ne2 Bd6 9. Bxd6 Qxd6 10. c3 O-O 11. Ng3 e5 12. dxe5 Qxe5 13. Bd3 h5 14. Qf3 Bg4 15. Qf4 Qxf4 16. exf4 Rfe8+ 17. Kd2 h4 18. h3 hxg3 19. hxg4 gxf2 20. g5 Ne4+ 21. Kc2 c4 22. Bxe4 Rxe4 23. Rad1 Re2+ 24. Rd2 Re1 25. Rd1 Rae8 26. Rf1 R8e2+ 0-1


[Site "https://www.chess.com"]

[Event "Titled Tuesday Blitz May 2 Early 2023"]
[White "Yu, Yangyi"]
[Black "Le, Tuan Minh"]
[WhiteFideId "8603820"]
[BlackFideId "12401153"]
[WhiteElo "2783"]
[BlackElo "2566"]
[Result "1/2-1/2"]
[Round "07"]
[TimeControl "180+2"]
[Date "2023.05.03"]
[WhiteClock "0:00:00"]
[BlackClock "0:00:00"]

1. e4 c5 2. Nf3 Nf6 3. e5 Nd5 4. Nc3 e6 5. Ne4 f5 6. Nc3 Ne7 7. d4 cxd4 8. Nxd4 a6 9. Be2 Nbc6 10. f4 Nxd4 11. Qxd4 Nc6 12. Qf2 Bb4 13. Bh5+ g6 14. Bf3 d5 15. exd6 Qxd6 16. Be3 O-O 17. O-O Rd8 18. a3 Bxc3 19. bxc3 e5 20. Rad1 Qe7 21. Bc5 Qe8 22. Rxd8 Nxd8 23. fxe5 Be6 24. Rd1 Rc8 25. h4 Nf7 26. Bxb7 Rd8 27. Rxd8 Qxd8 28. Qd4 Qb8 29. Bxa6 Qb1+ 30. Kh2 Qe1 31. a4 h6 32. Bd6 g5 33. Bc4 Bxc4 34. Qxc4 f4 35. hxg5 hxg5 36. e6 Nxd6 37. Qd5 Qh4+ 38. Kg1 Qe1+ 39. Kh2 Qh4+ 40. Kg1 Qe1+ 41. Kh2 1/2-1/2


[Site "https://www.chess.com"]

[Event "Titled Tuesday Blitz May 2 Early 2023"]
[White "Bortnyk, Olexandr"]
[Black "Lamaze, Simon"]
[WhiteFideId "14120828"]
[BlackFideId "36069264"]
[WhiteElo "2734"]
[BlackElo "2272"]
[Result "1-0"]
[Round "07"]
[TimeControl "180+2"]
[Date "2023.05.03"]
[WhiteClock "0:00:01"]
[BlackClock "0:00:00"]

1. d4 Nf6 2. Nc3 d5 3. Bf4 e6 4. Nb5 Bd6 5. Nxd6+ cxd6 6. e3 Nc6 7. Nf3 O-O 8. h3 h6 9. c3 Qe7 10. Bh2 e5 11. Be2 Bf5 12. Qb3 Rfb8 13. Qa3 Qc7 14. O-O b5 15. Rac1 Nd7 16. Rfd1 Be6 17. b3 f6 18. c4 bxc4 19. bxc4 Nb6 20. cxd5 Bxd5 21. dxe5 dxe5 22. Rxd5 Nxd5 23. Bc4 Ne7 24. Bxd5+ Nxd5 25. Rxc7 Nxc7 26. Bg3 Ne6 27. Qe7 Rb6 28. Nh4 Kh7 29. f4 exf4 30. Bxf4 Rd8 31. Qf7 Rd1+ 32. Kh2 Rd2 33. Bxh6 Rd5 34. Bxg7 1-0


[Site "https://www.chess.com"]

[Event "Titled Tuesday Blitz May 2 Early 2023"]
[White "Maksimovic, Bojan"]
[Black "Maghsoodloo, Parham"]
[WhiteFideId "14408120"]
[BlackFideId "12539929"]
[WhiteElo "2468"]
[BlackElo "2647"]
[Result "0-1"]
[Round "07"]
[TimeControl "180+2"]
[Date "2023.05.03"]
[WhiteClock "0:00:00"]
[BlackClock "0:00:00"]

1. Nf3 Nf6 2. g3 b5 3. Bg2 Bb7 4. O-O e6 5. d3 c5 6. Nbd2 d6 7. c3 Nbd7 8. a4 a6 9. Qb3 Qb6 10. axb5 axb5 11. Rxa8+ Bxa8 12. Qa3 Qb8 13. b4 Be7 14. bxc5 dxc5 15. Qb3 O-O 16. Bb2 Bc6 17. c4 b4 18. Ra1 Qc7 19. Ne1 Bxg2 20. Nxg2 Bd6 21. Qa4 Be5 22. Bxe5 Qxe5 23. Ne3 Nb6 24. Qa2 Nfd7 25. Nf3 Qc3 26. Nd1 Qf6 27. Qb2 Ra8 28. Rxa8+ Nxa8 29. Qxf6 gxf6 30. Nd2 Nab6 31. Nb2 f5 32. Nb3 e5 33. f4 f6 34. Kf2 Kf7 35. Kf3 Ke6 36. e4 fxe4+ 37. dxe4 Na8 38. Na4 Kd6 39. Ke3 Nc7 40. f5 Ne8 41. Na5 Kc7 42. Kd3 Nd6 43. Nb3 Nb7 44. g4 Kd6 45. h4 h6 46. Ke3 Kc6 47. Kd3 Nb8 48. Nb2 Kd6 49. Nd1 Nc6 50. Ne3 Nd4 51. Nd2 Ke7 52. Nd5+ Kf7 53. Ke3 Na5 54. Kd3 Nb7 55. Nb6 Nc6 56. Nb3 Nd4 57. Nd2 Kf8 58. Na4 Ke7 59. Nb6 Kf7 60. Nd5 Na5 61. Nb6 Kg7 62. Nd5 Nb7 63. Nb6 Nc6 64. Nd5 Nca5 65. Nb6 Nd8 66. Nd7 Ndb7 67. Nb6 Kf7 68. Na4 Ke7 69. Nb6 Nc6 70. Nd5+ Kf7 71. Nb3 Nd4 72. Nxd4 exd4 73. g5 fxg5 74. hxg5 hxg5 75. e5 Nd8 76. Ke4 b3 77. e6+ Nxe6 78. fxe6+ Kxe6 79. Nc7+ Kf6 80. Nb5 b2 81. Na3 Kg6 82. Nb1 g4 83. Kf4 Kh5 84. Kg3 Kg5 85. Nd2 Kf5 86. Nb1 Ke4 87. Kxg4 Kd3 88. Kf3 Kc2 89. Na3+ Kc1 0-1


[Site "https://www.chess.com"]

[Event "Titled Tuesday Blitz May 2 Early 2023"]
[White "Van Foreest, Jorden"]
[Black "Acor, Corey"]
[WhiteFideId "1039784"]
[BlackFideId "2024861"]
[WhiteElo "2633"]
[BlackElo "2341"]
[Result "1-0"]
[Round "07"]
[TimeControl "180+2"]
[Date "2023.05.03"]
[WhiteClock "0:00:01"]
[BlackClock "0:00:00"]

1. e4 e5 2. Nf3 Nc6 3. Bb5 Nge7 4. Nc3 d6 5. d4 Bd7 6. O-O Ng6 7. Re1 Be7 8. h3 O-O 9. Be3 Kh8 10. a4 f5 11. exf5 Bxf5 12. Bxc6 bxc6 13. dxe5 dxe5 14. Qxd8 Rfxd8 15. Bg5 Bf6 16. Ne4 Bxe4 17. Rxe4 Rd5 18. Be3 a5 19. Re1 Rb8 20. b3 Kg8 21. Rc4 Ne7 22. g4 Rbd8 23. g5 R8d6 24. gxf6 Rxf6 25. Nd2 Nf5 26. Ne4 Rg6+ 27. Kf1 Nh4 28. Ke2 1-0


[Site "https://www.chess.com"]

[Event "Titled Tuesday Blitz May 2 Early 2023"]
[White "Chigaev, Maksim"]
[Black "Kravtsiv, Martyn"]
[WhiteFideId "4108116"]
[BlackFideId "14113147"]
[WhiteElo "2547"]
[BlackElo "2695"]
[Result "1-0"]
[Round "07"]
[TimeControl "180+2"]
[Date "2023.05.03"]
[WhiteClock "0:00:00"]
[BlackClock "0:00:00"]

1. d4 d5 2. Nf3 Nf6 3. c4 e6 4. g3 Be7 5. Bg2 O-O 6. O-O c6 7. Qc2 b6 8. Nbd2 Bb7 9. e4 c5 10. exd5 exd5 11. Ne5 cxd4 12. Nb3 Nbd7 13. Nxd7 Qxd7 14. Nxd4 Rac8 15. Qf5 Rxc4 16. Qxd7 Nxd7 17. Nf5 Bc5 18. b3 Rc2 19. Be3 Nf6 20. Bxc5 Rxc5 21. Rfe1 g6 22. Re7 gxf5 23. Rxb7 Rd8 24. Rxa7 d4 25. Rd1 d3 26. Ra8 Rxa8 27. Bxa8 Rc3 28. Kg2 Ne4 29. Kf3 Nc5 30. Ke3 Rc2 31. Rd2 Rc1 32. b4 Re1+ 33. Kd4 Na6 34. a3 Nc7 35. Bc6 Rc1 36. Bd7 f4 37. gxf4 Rh1 38. h3 Kf8 39. Kxd3 Ke7 40. Bf5 Ra1 41. Kc4 Kf6 42. Bg4 Rxa3 43. Rd6+ Ke7 44. Rd7+ 1-0


[Site "https://www.chess.com"]

[Event "Titled Tuesday Blitz May 2 Early 2023"]
[White "Beerdsen, Thomas"]
[Black "Henriquez Villagra, Cristobal"]
[WhiteFideId "1030108"]
[BlackFideId "3409350"]
[WhiteElo "2547"]
[BlackElo "2542"]
[Result "0-1"]
[Round "07"]
[TimeControl "180+2"]
[Date "2023.05.03"]
[WhiteClock "0:00:00"]
[BlackClock "0:00:00"]

1. e4 Nc6 2. Nf3 d6 3. d4 Nf6 4. Nc3 g6 5. h3 Bg7 6. Bg5 O-O 7. Qd2 a6 8. O-O-O b5 9. a3 Rb8 10. d5 b4 11. axb4 Nxb4 12. Bc4 c5 13. e5 Qa5 14. Qf4 Qa1+ 15. Kd2 Qxb2 16. Bb3 dxe5 17. Qc4 Nxc2 18. Bxc2 Bf5 19. Na4 Ne4+ 20. Ke1 Qb4+ 21. Qxb4 Rxb4 22. Bxe7 Re8 23. d6 Nxd6 24. Rxd6 Bxc2 25. Nxc5 Rxe7 26. Rd8+ Bf8 27. Kd2 Bf5 28. Nxa6 Rb2+ 29. Ke3 Kg7 30. g4 Rb3+ 31. Ke2 Be4 32. Nd2 Bxh1 33. Nxb3 Ra7 34. Nac5 Rc7 35. Nd3 f6 36. f3 e4 37. fxe4 Bxe4 38. Nf4 Kf7 39. Nd4 Re7 40. Kf2 Bh6 41. Nfe6 Rxe6 42. Nxe6 Kxe6 43. Re8+ Kd5 44. Rh8 g5 45. Kg3 Bg6 46. h4 gxh4+ 47. Kxh4 Bg5+ 48. Kg3 Ke4 49. Ra8 Bf4+ 50. Kh4 Be5 51. g5 f5 52. Ra4+ Bd4 53. Kh3 f4 54. Kg2 f3+ 55. Kg3 Bf5 56. Rb4 f2 57. Rb1 Ke3 58. Ra1 Bxa1 0-1


[Site "https://www.chess.com"]

[Event "Titled Tuesday Blitz May 2 Early 2023"]
[White "Sieciechowicz, Marcin"]
[Black "Kramnik, Vladimir"]
[WhiteFideId "1130170"]
[BlackFideId "4101588"]
[WhiteElo "2302"]
[BlackElo "2712"]
[Result "1/2-1/2"]
[Round "07"]
[TimeControl "180+2"]
[Date "2023.05.03"]
[WhiteClock "0:00:00"]
[BlackClock "0:00:00"]

1. d4 Nf6 2. c4 e6 3. Nc3 d5 4. cxd5 exd5 5. Bg5 c6 6. e3 h6 7. Bf4 Bd6 8. Bxd6 Qxd6 9. Bd3 O-O 10. h3 Re8 11. Nf3 Nbd7 12. Qc2 Qe7 13. O-O Ne4 14. Nd2 Nxd2 15. Qxd2 Nf6 16. Rfe1 Bd7 17. Rab1 Rad8 18. Na4 b6 19. Nc3 c5 20. Rbd1 c4 21. Bb1 b5 22. a3 Qd6 23. f3 Qg3 24. Qf2 Qxf2+ 25. Kxf2 a5 26. e4 dxe4 27. Nxe4 b4 28. axb4 axb4 29. Nxf6+ gxf6 30. Rxe8+ Bxe8 31. d5 Kf8 32. Ke3 Ba4 33. Rc1 Bb3 34. Be4 Ke7 35. Ra1 f5 36. Ra7+ Kf6 37. Ra6+ Kg7 38. Bxf5 Rxd5 39. g4 Re5+ 40. Kf4 Re2 41. Rb6 Rxb2 42. Rxb4 Rd2 43. h4 Ba2 44. Rb7 c3 45. Rc7 Rd4+ 46. Ke3 Rc4 47. Rxc4 Bxc4 48. Kd4 Be2 49. Be4 Bxf3 50. Bc2 Bxg4 51. Kxc3 Kf6 52. Kd4 Bf5 53. Bd1 Ke6 54. Bb3+ Kf6 55. Bd1 Bb1 56. Ke3 Kf5 57. Kf3 Be4+ 58. Kg3 Ke5 59. Bh5 f5 60. Kf2 f4 61. Bg4 Kf6 62. Bd1 Kf5 63. Be2 Bd5 64. Bd1 Bc6 65. Be2 Ke5 66. Bd1 Kd4 67. Be2 Be4 68. Bd1 Ke5 69. Be2 Kf5 70. Bd1 Kf6 71. Be2 Kg6 72. Bd1 h5 73. Be2 Bf5 74. Bd1 Bg4 75. Bc2+ Kf6 76. Bd3 Ke5 77. Bg6 Kd4 78. Be8 Ke4 79. Bf7 f3 80. Be8 Ke5 81. Bc6 Kf4 82. Bb7 Kf5 83. Bxf3 Bxf3 84. Kxf3 Ke5 85. Ke3 Kf5 86. Kf3 Ke5 87. Ke3 Kf5 88. Kf3 1/2-1/2


[Site "https://www.chess.com"]

[Event "Titled Tuesday Blitz May 2 Early 2023"]
[White "Nagy, Gabor"]
[Black "Bachmann, Axel"]
[WhiteFideId "737119"]
[BlackFideId "3700488"]
[WhiteElo "2514"]
[BlackElo "2605"]
[Result "1-0"]
[Round "07"]
[TimeControl "180+2"]
[Date "2023.05.03"]
[WhiteClock "0:00:00"]
[BlackClock "0:00:00"]

1. d4 Nf6 2. Nf3 e6 3. g3 d5 4. Bg2 b5 5. O-O Nbd7 6. a4 b4 7. c4 bxc3 8. Nxc3 Ba6 9. Re1 Bb4 10. Bd2 O-O 11. Rc1 Rb8 12. Qc2 Qe7 13. Na2 Bd6 14. b4 c6 15. Qxc6 Bc4 16. Rxc4 dxc4 17. Qxc4 Ne4 18. b5 Rfc8 19. Qd3 Nxd2 20. Nxd2 Nb6 21. a5 Nd5 22. Rb1 Nb4 23. Nxb4 Bxb4 24. Nc4 Rd8 25. e3 Bd6 26. b6 axb6 27. axb6 e5 28. dxe5 Bc5 29. Qe2 Qe6 30. b7 g6 31. h4 Rd7 32. h5 Kg7 33. Na5 Rc7 34. hxg6 hxg6 35. Qb5 Ba7 36. Qb3 Qf5 37. Nc4 Rc5 38. Nd6 1-0


[Site "https://www.chess.com"]

[Event "Titled Tuesday Blitz May 2 Early 2023"]
[White "Durarbayli, Vasif"]
[Black "Zhao, Jun"]
[WhiteFideId "13402935"]
[BlackFideId "8602522"]
[WhiteElo "2551"]
[BlackElo "2547"]
[Result "1-0"]
[Round "07"]
[TimeControl "180+2"]
[Date "2023.05.03"]
[WhiteClock "0:00:00"]
[BlackClock "0:00:00"]

1. e4 e5 2. Nc3 Nf6 3. d4 Nc6 4. dxe5 Nxe5 5. f4 Nc6 6. e5 Ng8 7. Nf3 Bb4 8. Bc4 Qe7 9. Qd3 Nh6 10. O-O Bxc3 11. bxc3 d6 12. exd6 Qxd6 13. Re1+ Be6 14. f5 Qc5+ 15. Nd4 Nxd4 16. cxd4 Qxf5 17. Qxf5 Nxf5 18. d5 1-0


[Site "https://www.chess.com"]

[Event "Titled Tuesday Blitz May 2 Early 2023"]
[White "Fernandez Guillen, Ernesto J."]
[Black "Asis Gargatagli, Hipolito"]
[WhiteFideId "3512428"]
[BlackFideId "2260735"]
[WhiteElo "2423"]
[BlackElo "2557"]
[Result "0-1"]
[Round "07"]
[TimeControl "180+2"]
[Date "2023.05.03"]
[WhiteClock "0:00:00"]
[BlackClock "0:00:00"]

1. e4 c5 2. Nf3 d6 3. d4 cxd4 4. Nxd4 Nf6 5. Nc3 a6 6. Bc4 e6 7. Bb3 Nbd7 8. Bg5 Nc5 9. f4 Be7 10. Qe2 h6 11. Bxf6 Bxf6 12. O-O-O Qc7 13. Rhe1 O-O 14. g4 b5 15. g5 hxg5 16. e5 dxe5 17. fxe5 Be7 18. h4 Bb7 19. Qh5 Rfd8 20. hxg5 g6 21. Qh4 Bf8 22. Rd2 Bg7 23. Rh2 b4 24. Qh7+ Kf8 25. Nxe6+ Nxe6 26. Bxe6 Re8 27. Nd5 Bxd5 28. Bxd5 Rxe5 29. Rd1 Rd8 30. Rhd2 Rexd5 31. Rxd5 Qf4+ 32. R5d2 Qxg5 33. Qh2 Bh6 34. Kb1 Rxd2 0-1


[Site "https://www.chess.com"]

[Event "Titled Tuesday Blitz May 2 Early 2023"]
[White "Karthik Rajaa"]
[Black "Livaic, Leon"]
[WhiteFideId "25035215"]
[BlackFideId "14531534"]
[WhiteElo "2215"]
[BlackElo "2509"]
[Result "0-1"]
[Round "07"]
[TimeControl "180+2"]
[Date "2023.05.03"]
[WhiteClock "0:00:00"]
[BlackClock "0:00:00"]

1. Nf3 Nf6 2. c4 e6 3. Nc3 d5 4. e3 b6 5. b3 Bb7 6. Bb2 Bd6 7. cxd5 exd5 8. g3 O-O 9. Bg2 c6 10. O-O Re8 11. d3 Nbd7 12. Ne2 a5 13. a3 Qe7 14. Qc2 Ne5 15. Nxe5 Bxe5 16. Bxe5 Qxe5 17. h3 Rac8 18. d4 Qd6 19. b4 axb4 20. axb4 Ra8 21. Qb2 Ba6 22. Rfb1 Bd3 23. Rxa8 Rxa8 24. Rc1 Bc4 25. Nc3 b5 26. e4 dxe4 27. Nxe4 Nxe4 28. Bxe4 Ra2 29. Qc3 g6 30. Bd3 Bd5 31. Qe1 Qf6 32. Rd1 Qf3 33. Qe8+ Kg7 34. Qe5+ Kh6 35. Qf4+ Qxf4 36. gxf4 Rb2 37. Bf1 Rxb4 38. Bg2 Kg7 39. Bxd5 cxd5 40. Kg2 Kf6 41. Kf3 Rb3+ 42. Kg2 Kf5 43. Re1 f6 44. Re7 Rd3 45. Rb7 Rxd4 46. Rxb5 Kxf4 47. Rb7 h5 48. Rb6 Kf5 49. Kf3 Rd3+ 50. Kg2 h4 51. Rd6 g5 52. Rd8 Rd4 53. Rd7 Ke6 54. Rd8 Rf4 55. Ra8 Ke5 56. Ra5 Rc4 57. Ra8 Rc6 58. Re8+ Kd4 59. Kf3 Kd3 60. Re3+ Kc2 61. Re7 Rc3+ 62. Kg2 d4 63. Re6 d3 0-1


[Site "https://www.chess.com"]

[Event "Titled Tuesday Blitz May 2 Early 2023"]
[White "Sethuraman, S.P."]
[Black "Rakotomaharo, Fy Antenaina"]
[WhiteFideId "5021596"]
[BlackFideId "13100050"]
[WhiteElo "2543"]
[BlackElo "2427"]
[Result "0-1"]
[Round "07"]
[TimeControl "180+2"]
[Date "2023.05.03"]
[WhiteClock "0:00:00"]
[BlackClock "0:00:00"]

1. d4 Nf6 2. Nc3 d5 3. Bf4 c5 4. e3 cxd4 5. exd4 a6 6. Nf3 Bg4 7. h3 Bxf3 8. Qxf3 Nc6 9. O-O-O e6 10. Kb1 Rc8 11. g4 Bb4 12. Ne2 Qb6 13. c3 Ba3 14. Bc1 Ne4 15. Ka1 Bd6 16. Qe3 Na5 17. f3 Nc4 18. Qg1 Nf6 19. Ng3 Qc7 20. Bxc4 Qxc4 21. g5 Nd7 22. f4 g6 23. h4 Kd8 24. Nf1 Kc7 25. Ne3 Qc6 26. c4 Kb8 27. cxd5 exd5 28. Ng4 Nf8 29. Ne5 Bxe5 30. dxe5 Ne6 31. Qf2 d4 32. f5 gxf5 33. Qxf5 Rc7 34. Bd2 Qb5 35. Rc1 Rhc8 36. Qxh7 d3 37. Qe4 Rc2 38. Rxc2 Rxc2 39. Bc3 Nc5 40. Qd5 d2 41. Qd8+ Ka7 42. Rb1 Nd3 43. Bd4+ b6 44. Qe7+ Ka8 45. Qd8+ Kb7 46. Qe7+ Rc7 47. Qd6 Rc1 48. Qe7+ Ka8 49. Qf8+ Kb7 50. Qxf7+ Kc8 51. Qf8+ Kc7 0-1


[Site "https://www.chess.com"]

[Event "Titled Tuesday Blitz May 2 Early 2023"]
[White "Paravyan, David"]
[Black "Sammed Jaykumar, Shete"]
[WhiteFideId "4194985"]
[BlackFideId "5073421"]
[WhiteElo "2563"]
[BlackElo "2278"]
[Result "0-1"]
[Round "07"]
[TimeControl "180+2"]
[Date "2023.05.03"]
[WhiteClock "0:00:00"]
[BlackClock "0:00:00"]

1. e4 c5 2. Nf3 d6 3. d4 cxd4 4. Nxd4 Nf6 5. Nc3 a6 6. Be3 e5 7. Nb3 Be6 8. f3 h5 9. Nd5 Nxd5 10. exd5 Bf5 11. Be2 Nd7 12. O-O Be7 13. a4 O-O 14. a5 Bg6 15. c4 Rc8 16. Kh1 Bg5 17. Bg1 f5 18. Nd2 h4 19. b4 h3 20. gxh3 Bf4 21. Qe1 e4 22. Nb3 Qf6 23. Nd4 Be5 24. Ne6 exf3 25. Bxf3 Bxa1 26. Nxf8 Kxf8 27. Qxa1 Qxa1 28. Rxa1 Rxc4 29. b5 axb5 30. Be2 f4 31. Ba7 Be4+ 32. Kg1 Rc2 33. Bxb5 Ne5 34. a6 bxa6 35. Rxa6 Nf3+ 36. Kf1 Nxh2+ 37. Ke1 Nf3+ 38. Kd1 Rd2+ 39. Kc1 Rxd5 40. Bc6 Re5 41. Bb8 Rc5+ 42. Kd1 Rxc6 43. Bxd6+ Kf7 44. Rxc6 Bxc6 45. Bxf4 Bd7 46. Ke2 Ng1+ 47. Ke3 Nxh3 48. Bc7 Ng5 49. Bb8 Ne6 50. Bh2 Kf6 51. Bd6 Kf5 52. Bh2 g5 53. Bg3 g4 54. Bb8 Bc6 55. Bh2 Ng5 56. Bc7 Ne4 57. Bb8 Ba4 58. Bc7 Bd1 59. Bb8 g3 60. Bxg3 Nxg3 61. Kd2 Bg4 62. Ke3 Ne4 63. Kd4 Kf4 64. Kd3 Ke5 65. Ke3 Nc5 66. Kd2 Kd4 67. Kc2 Bf3 68. Kd2 Nb3+ 69. Kc2 Kc4 70. Kb2 Be4 71. Ka2 Kc3 72. Ka3 Bb1 73. Ka4 Nd4 74. Ka3 Nb5+ 75. Ka4 Kc4 76. Ka5 Kc5 77. Ka6 Nd6 78. Ka5 Bc2 79. Ka6 Bd1 80. Ka5 Nb7+ 81. Ka6 Kc6 82. Ka7 Kc7 83. Ka6 Be2+ 84. Ka7 Nd6 85. Ka8 Bd3 86. Ka7 Nc8+ 87. Ka8 Be4# 0-1


[Site "https://www.chess.com"]

[Event "Titled Tuesday Blitz May 2 Early 2023"]
[White "Dardha, Daniel"]
[Black "Caruana, Fabiano"]
[WhiteFideId "240990"]
[BlackFideId "2020009"]
[WhiteElo "2581"]
[BlackElo "2837"]
[Result "0-1"]
[Round "07"]
[TimeControl "180+2"]
[Date "2023.05.03"]
[WhiteClock "0:00:00"]
[BlackClock "0:00:01"]

1. Nf3 d5 2. e3 Nf6 3. c4 e6 4. b3 Bd6 5. Bb2 O-O 6. Nc3 b6 7. Rg1 Bb7 8. g4 Nbd7 9. g5 Ne4 10. h4 Re8 11. h5 Nxc3 12. Bxc3 Nc5 13. g6 fxg6 14. hxg6 h6 15. Be2 Ne4 16. Bb2 Rf8 17. cxd5 Bxd5 18. Bc4 Nxf2 19. Bxd5 Nxd1 20. Bxe6+ Kh8 21. Rh1 Nxb2 0-1


[Site "https://www.chess.com"]

[Event "Titled Tuesday Blitz May 2 Early 2023"]
[White "Galchenko, Matvey"]
[Black "Andreikin, Dmitry"]
[WhiteFideId "24175480"]
[BlackFideId "4158814"]
[WhiteElo "2423"]
[BlackElo "2736"]
[Result "0-1"]
[Round "07"]
[TimeControl "180+2"]
[Date "2023.05.03"]
[WhiteClock "0:00:00"]
[BlackClock "0:00:00"]

1. e4 c5 2. c3 e5 3. Nf3 Nc6 4. Bc4 Qc7 5. O-O Be7 6. d4 cxd4 7. cxd4 Nxd4 8. Nxd4 Qxc4 9. Nf5 Qxe4 10. Nxg7+ Kf8 11. Re1 Qg6 12. Nh5 d6 13. Ng3 h5 14. Nc3 h4 15. Nge4 f5 16. Qf3 Kg7 17. Nd2 Nf6 18. Nc4 Rg8 19. Bf4 Kh7 20. Rad1 Qg4 21. Qxg4 Rxg4 22. Nxe5 dxe5 23. Bxe5 h3 24. g3 Rg8 25. Bd4 Bd8 26. Be5 Ng4 27. Bd4 f4 28. Nd5 fxg3 29. fxg3 Bf5 30. Ne7 Bxe7 31. Rxe7+ Kg6 32. Rf1 Rae8 33. Rfe1 Rxe7 34. Rxe7 Rd8 35. Rg7+ Kh6 0-1


[Site "https://www.chess.com"]

[Event "Titled Tuesday Blitz May 2 Early 2023"]
[White "Rustemov, Alexander"]
[Black "Sarana, Alexey"]
[WhiteFideId "4119002"]
[BlackFideId "24133795"]
[WhiteElo "2525"]
[BlackElo "2714"]
[Result "1/2-1/2"]
[Round "07"]
[TimeControl "180+2"]
[Date "2023.05.03"]
[WhiteClock "0:00:00"]
[BlackClock "0:00:00"]

1. d4 Nf6 2. c4 e6 3. Nf3 d5 4. cxd5 exd5 5. Nc3 Nbd7 6. Bg5 h6 7. Bh4 c6 8. e3 g5 9. Bg3 Nh5 10. Be5 Nxe5 11. Nxe5 Nf6 12. Qc2 Bd6 13. Nf3 Be6 14. Bd3 Qe7 15. Bf5 O-O-O 16. O-O-O Kb8 17. Kb1 Rde8 18. h3 Bb4 19. Bxe6 Qxe6 20. Ne5 Bxc3 21. Qxc3 Ne4 22. Qc2 c5 23. f3 Ng3 24. Rhe1 Rc8 25. Nd3 c4 26. Nc5 Qd6 27. Na4 f5 28. Nc3 Rhe8 29. e4 dxe4 30. fxe4 fxe4 31. Nxe4 Nxe4 32. Rxe4 Rxe4 33. Qxe4 c3 34. bxc3 Rxc3 35. Qe5 Kc7 36. Rf1 Qxe5 37. dxe5 h5 38. Rf5 Rg3 39. h4 Rxg2 40. hxg5 h4 41. Rf7+ Kc6 42. Rh7 Rxg5 43. Rxh4 Rxe5 44. Kb2 Kb5 45. Rh3 Re2+ 46. Kb3 Re5 47. a3 a6 48. Rh4 Rg5 49. Rb4+ Kc6 50. Rh4 b6 51. Rf4 Rg3+ 52. Kb2 Rd3 53. Rh4 Kc5 54. Rh5+ Kc4 55. Rh4+ Rd4 56. Rh6 Kb5 57. Kb3 Rd3+ 58. Kb2 Ka5 59. Rh5+ Ka4 60. Rh4+ Kb5 61. Rh5+ Kc4 62. Rh6 Kc5 63. Rh5+ Rd5 64. Rh4 a5 65. Kb3 Rd3+ 66. Kb2 Rd4 67. Rh3 Kc4 68. Rc3+ Kb5 69. Rb3+ Kc5 70. Rc3+ Rc4 71. Rh3 Kb5 72. Kb3 a4+ 73. Kb2 Rd4 74. Rh2 Rd3 75. Rh5+ Kc4 76. Rh4+ Rd4 77. Rh2 Re4 78. Rc2+ Kd5 79. Rd2+ Rd4 80. Rh2 b5 81. Kc3 Kc5 82. Rh5+ Rd5 83. Rh8 Rg5 84. Rc8+ Kb6 85. Rb8+ Kc7 86. Rh8 Rg4 87. Kb2 Rg3 88. Rh6 Rb3+ 89. Ka2 Rc3 90. Rg6 Rc2+ 91. Kb1 Rc6 92. Rg5 Kb6 93. Kb2 Rh6 94. Rg2 Rh3 95. Rg6+ Kc5 96. Rg5+ Kc4 97. Rg4+ Kc5 98. Rg5+ Kb6 99. Rg6+ Ka5 100. Rg8 Rb3+ 101. Ka2 Kb6 102. Rg6+ Kc5 103. Rg5+ Kc4 104. Rg4+ Kc3 105. Rg3+ Kc2 106. Rg2+ Kd1 107. Rg1+ Ke2 108. Rg2+ Kf3 109. Rh2 Kg4 110. Rf2 Rc3 111. Rf8 Rc5 112. Kb2 Kg5 113. Rf7 Re5 114. Kc3 Re3+ 115. Kb4 Rb3+ 116. Kc5 Kg4 117. Rb7 Rxa3 118. Rxb5 Rf3 119. Kb4 a3 120. Ra5 Kg3 121. Rxa3 Rxa3 122. Kxa3 1/2-1/2


[Site "https://www.chess.com"]

[Event "Titled Tuesday Blitz May 2 Early 2023"]
[White "Deac, Bogdan-Daniel"]
[Black "Bacrot, Etienne"]
[WhiteFideId "1226380"]
[BlackFideId "605506"]
[WhiteElo "2649"]
[BlackElo "2663"]
[Result "0-1"]
[Round "07"]
[TimeControl "180+2"]
[Date "2023.05.03"]
[WhiteClock "0:00:00"]
[BlackClock "0:00:00"]

1. d4 d5 2. Bf4 Nf6 3. e3 c5 4. Nd2 Nc6 5. c3 Qb6 6. Qb3 c4 7. Qc2 Bg4 8. e4 e6 9. Ne2 Bh5 10. Bg5 Nxe4 11. Nxe4 Bg6 12. N2g3 dxe4 13. Bxc4 e3 14. Qe2 Nxd4 15. cxd4 Qa5+ 16. Kf1 Qxg5 17. Bb5+ Kd8 18. fxe3 Bd6 19. Kf2 Rc8 20. Bd3 Qh4 21. Rad1 Ke7 22. a3 Rc7 23. e4 Rhc8 24. Qf3 Bf4 25. Rhf1 Bh5 0-1


[Site "https://www.chess.com"]

[Event "Titled Tuesday Blitz May 2 Early 2023"]
[White "Vidit, Santosh Gujrathi"]
[Black "Mikhailovsky, Vladimir"]
[WhiteFideId "5029465"]
[BlackFideId "34105414"]
[WhiteElo "2651"]
[BlackElo "2275"]
[Result "1-0"]
[Round "07"]
[TimeControl "180+2"]
[Date "2023.05.03"]
[WhiteClock "0:00:01"]
[BlackClock "0:00:01"]

1. c4 e6 2. d4 d5 3. Nc3 a6 4. cxd5 exd5 5. Nf3 c6 6. Bf4 Bd6 7. Bxd6 Qxd6 8. e3 Ne7 9. Bd3 O-O 10. Qc2 g6 11. O-O Bg4 12. Ne5 Bf5 13. Bxf5 Nxf5 14. Na4 Qe7 15. Rab1 f6 16. Nd3 Nd7 17. b4 Nb6 18. Nxb6 1-0


[Site "https://www.chess.com"]

[Event "Titled Tuesday Blitz May 2 Early 2023"]
[White "Remizov, Yaroslav"]
[Black "Nguyen, Ngoc Truong Son"]
[WhiteFideId "34134015"]
[BlackFideId "12401110"]
[WhiteElo "2412"]
[BlackElo "2556"]
[Result "0-1"]
[Round "07"]
[TimeControl "180+2"]
[Date "2023.05.03"]
[WhiteClock "0:00:00"]
[BlackClock "0:00:00"]

1. e4 c5 2. c3 d5 3. exd5 Qxd5 4. d4 Nf6 5. Nf3 g6 6. Be3 cxd4 7. cxd4 Bg7 8. Nc3 Qd6 9. Qd2 O-O 10. Bf4 Qd8 11. Bh6 Bxh6 12. Qxh6 Bg4 13. Be2 Nc6 14. O-O-O Bxf3 15. Bxf3 Rc8 16. Qe3 Nb4 17. Kb1 Qa5 18. a3 Qf5+ 19. Be4 Nxe4 20. Qxe4 Qxe4+ 21. Nxe4 Nd5 22. Rhe1 Rfd8 23. g3 Kf8 24. h4 h5 25. f3 Rc6 26. Nc5 b6 27. Nd3 Rcd6 28. Rc1 Nf6 29. Ne5 Ra8 30. Rc7 Nd5 31. Rb7 a5 32. g4 Rc8 33. gxh5 gxh5 34. Nd3 f6 35. Rg1 Kf7 36. Re1 Rcd8 37. Nf2 R8d7 38. Rxd7 Rxd7 39. Ne4 Nf4 40. Rd1 Ng6 41. d5 Nxh4 42. d6 e6 43. Rh1 Nxf3 44. Rxh5 Kg6 45. Rh3 Ng5 46. Nxg5 Kxg5 47. Rd3 e5 48. Kc2 Kf5 49. Kc3 Ke6 50. Kc4 Rxd6 51. Rh3 f5 52. Rh6+ Kd7 53. Rh7+ Kc6 54. Re7 e4 55. b4 b5+ 56. Kc3 Rd3+ 57. Kc2 axb4 58. axb4 Kd5 59. Rc7 f4 60. Rc5+ Kd4 61. Rxb5 f3 62. Rf5 Ke3 63. b5 Rd8 64. b6 Ke2 65. b7 e3 66. Rb5 Rb8 67. Kc3 f2 68. Rb2+ Kf3 69. Rb1 e2 0-1


[Site "https://www.chess.com"]

[Event "Titled Tuesday Blitz May 2 Early 2023"]
[White "Shimanov, Aleksandr"]
[Black "Gharibyan, Mamikon"]
[WhiteFideId "4198603"]
[BlackFideId "13308300"]
[WhiteElo "2631"]
[BlackElo "2445"]
[Result "1-0"]
[Round "07"]
[TimeControl "180+2"]
[Date "2023.05.03"]
[WhiteClock "0:00:00"]
[BlackClock "0:00:00"]

1. e4 e5 2. Nf3 Nc6 3. Nc3 Nf6 4. h3 g6 5. d4 exd4 6. Nxd4 Bg7 7. Nxc6 bxc6 8. Bd3 O-O 9. O-O Re8 10. Bg5 Rb8 11. Rb1 d5 12. Re1 h6 13. Bh4 Qd6 14. Bg3 Qd8 15. exd5 Rxe1+ 16. Qxe1 Nxd5 17. Nxd5 cxd5 18. Qa5 Rxb2 19. Rxb2 Bxb2 20. Qxa7 c6 21. a4 h5 22. Qb8 Bc3 23. Ba6 h4 24. Bc7 Qe7 25. Qxc8+ Kg7 26. Bf1 Bd4 27. Bf4 Qe1 28. Be3 Bxe3 29. fxe3 Qxe3+ 30. Kh1 Qc1 31. Qa6 Qxc2 32. a5 c5 33. Qd3 Qa2 34. Qc3+ d4 35. Qxc5 Qa1 36. Qb5 d3 37. Qxd3 Qxa5 38. Qd4+ 1-0


[Site "https://www.chess.com"]